 Dungeon Crawl Stone Soup version 0.29-a0-271-gd4eb659eea (webtiles) character file.

Game seed: 15667571662439454151

3538 n8rtot the Grappler (level 9, -13/80 HPs)
             Began as a Troll Berserker on Mar 8, 2022.
             Was a High Priest of Trog.
             Mangled by a two-headed ogre
             ... wielding a +0 giant club
              (15 damage)
             ... on level 8 of the Dungeon.
             The game lasted 00:34:16 (7248 turns).

n8rtot the Grappler (Troll Berserker)               Turns: 7248, Time: 00:34:17

Health: -13/80     AC:  4    Str: 37    XL:     9   Next: 82%
Magic:  8/8        EV: 26    Int:  3    God:    Trog [*****.]
Gold:   376        SH:  0    Dex:  9    Spells: 8/8 levels left

rFire   . . .      SeeInvis .     - Unarmed
rCold   . . .      Faith    .   (no shield)
rNeg    . . .      Spirit   .   a - +0 animal skin
rPois   .          Reflect  .   (helmet restricted)
rElec   .          Harm     .   (no cloak)
rCorr   .          Rampage  .   (gloves unavailable)
Will    .....                   (boots unavailable)
Stlth   ++........              j - amulet of the acrobat
HPRegen 1.03/turn               G - +6 ring of strength
MPRegen 0.11/turn               (no ring)

@: acrobatic
A: large, unfitting armour, claws 3, regeneration 1, shaggy fur 1, tough skin 1
a: Renounce Religion, Berserk, Trog's Hand, Brothers in Arms


You were on level 8 of the Dungeon.
You worshipped Trog.
Trog was extremely pleased with you.
You visited 1 branch of the dungeon, and saw 8 of its levels.
You also visited: Ossuary.

You collected 474 gold pieces.
You spent 98 gold pieces at shops.

Inventory:

Hand Weapons
 g - a +3 hunting sling
 H - a +4 vorpal quick blade
Missiles
 b - 215 stones (quivered)
 s - 6 curare-tipped darts
Armour
 a - a +0 animal skin (worn)
Jewellery
 j - an amulet of the acrobat (around neck)
 k - a ring of fire
 G - a +6 ring of strength (left claw)
Wands
 E - a wand of charming (3)
Scrolls
 d - a scroll of amnesia
 m - 4 scrolls of teleportation
 n - 2 scrolls of enchant weapon {unknown}
 p - a scroll of silence {unknown}
 q - 2 scrolls of immolation
 r - a scroll of holy word {unknown}
 t - 4 scrolls of enchant armour {unknown}
 u - a scroll of magic mapping {unknown}
 x - 4 scrolls of noise {unknown}
 y - a scroll of fear {unknown}
 B - a scroll of vulnerability {unknown}
 D - a scroll of brand weapon {unknown}
 F - a scroll of summoning {unknown}
Potions
 c - 2 potions of haste
 e - a potion of might
 f - 2 potions of mutation {unknown}
 h - 7 potions of curing
 i - a potion of berserk rage
 l - 3 potions of invisibility
 o - 3 potions of attraction
 v - a potion of cancellation
 w - 2 potions of heal wounds {unknown}
 z - a potion of flight
 A - 3 potions of lignification
 C - 2 potions of degeneration {unknown}


   Skills:
 - Level 2.4 Fighting
 + Level 0.3 Short Blades
 + Level 5.9 Dodging
 + Level 2.7 Stealth
 + Level 12.0 Unarmed Combat


You had 8 spell levels left.
You didn't know any spells.
Your spell library was empty.

Dungeon Overview and Level Annotations

Branches:
Dungeon (8/15)             Temple (0/1) D:7         Ossuary (visited)
   Lair: D:8-11

Altars:
Zin

Shops:
D:1 **   D:6 *   D:7 ?

Annotations:
D:3 1 runed translucent door


Innate Abilities, Weirdness & Mutations

You are too large for most types of armour.
You have claws for hands.
Your natural rate of healing is unusually fast.
You are covered in fur. (AC +1)
You have tough skin. (AC +1)


Message History

Things that are here:
a +0 dagger; a +0 robe; a +0 dagger
There is a stone staircase leading up here.
You climb upwards.
Reactivating autopickup.
There is a stone staircase leading down here.
You start resting.
HP restored.
There is a stone staircase leading down here.
You climb downwards.
The two-headed ogre hits you with a +0 giant club!!
The two-headed ogre barely misses you. The orc wizard casts a spell at you.
You easily resist.
There is a stone staircase leading up, spattered with blood here.
The two-headed ogre hits you with a +0 giant club!!
The two-headed ogre misses you.
The orc wizard gestures at you while chanting.
The puff of flame hits you!
Items here: )) ††.
The two-headed ogre attacks as you move away!
The two-headed ogre misses you.
The two-headed ogre hits you with a +0 giant club!!
* * * LOW HITPOINT WARNING * * *
There is a stone staircase leading up here.
The two-headed ogre attacks as you move away!
The two-headed ogre barely misses you. x2
The orc wizard gestures wildly while chanting.
The orc wizard flickers and vanishes!
Deactivating autopickup; reactivate with Ctrl-A.
The orc priest calls down the wrath of Beogh upon you.
Beogh smites you!
* * * LOW HITPOINT WARNING * * *
The orc priest mumbles some strange prayers to Beogh against you.
Beogh smites you!
* * * LOW HITPOINT WARNING * * *
The two-headed ogre attacks as you move away!
The two-headed ogre misses you.
The two-headed ogre hits you with a +0 giant club!
You die...

### #. ... #.. . ###.##
#.# .# ....# .#####.#
.# #..# ......#####.#
##..#####.##.##....###.
............o..........
##..###....o...O.# #..#
#)###.<#.#@#
##..###.###..##....#
....##<).o...###.#.#
##.o##..####.# ....#
#..##..# #....#...
#o.##.<# ####...###
##..##[.# ##.##
....[[..#### ..
.#..##.....# .


You could see a two-headed ogre, an orc priest and an orc.

Vanquished Creatures
  Pikel (D:4)
  Grinder (D:4)
  A steam dragon (D:7)
  The ghost of spaghetti the Insei, an amateur DsEE (D:3)
  Menkaure (D:6)
  2 sky beasts
  2 black bears (D:6)
  An ice beast (D:7)
  2 ogres (D:4)
  2 centaurs
  A lemure (D:4)
  An elf zombie (Ossuary)
  2 bullfrogs
  2 necrophages
  2 scorpions
  4 wights (D:8)
  6 hounds
  An orc priest (D:7)
  2 centaur zombies (Ossuary)
  2 human zombies (Ossuary)
  A gnoll shaman (D:6)
  4 iguanas
  5 orc wizards
  3 ogre zombies (Ossuary)
  7 mummies (Ossuary)
  9 gnolls
  7 adders
  A white imp (D:8)
  2 ufetubi
  5 adder zombies (Ossuary)
  2 worms (D:3)
  2 dart slugs
  32 orcs
  14 endoplasms
  3 giant cockroaches
  A gnoll zombie (Ossuary)
  5 goblins
  13 hobgoblins
  11 jackals
  5 quokkas
  11 ball pythons
  10 bats
  2 frilled lizards
  A goblin zombie (Ossuary)
  4 hobgoblin zombies (Ossuary)
  16 kobolds
  3 kobold zombies (Ossuary)
  A quokka zombie (Ossuary)
  8 rats
  7 rat zombies (Ossuary)
232 creatures vanquished.

Vanquished Creatures (others)
  A plant (D:2)
1 creature vanquished.

Grand Total: 233 creatures vanquished

Notes
Turn   | Place    | Note
-------+----------+-------------------------------------------
     0 | D:1      | n8rtot the Troll Berserker began the quest for the Orb.
     0 | D:1      | Reached XP level 1. HP: 22/22 MP: 0/0
    77 | D:1      | Found Viohapt's Assorted Antiques.
   136 | D:1      | Found Cyubutih's General Store.
   158 | D:1      | Reached XP level 2. HP: 28/29 MP: 1/1
   388 | D:1      | Reached ** piety under Trog
   460 | D:1      | Reached XP level 3. HP: 32/36 MP: 2/2
  1132 | D:2      | Reached skill level 4 in Unarmed Combat
  1382 | D:2      | Found a faded altar of an unknown god.
  1387 | D:2      | Reached XP level 4. HP: 44/44 MP: 3/3
  1674 | D:2      | Reached *** piety under Trog
  2156 | D:3      | Found a runed translucent door.
  2158 | D:3      | Noticed spaghetti's ghost (amateur DsEE)
  2158 | D:3      | Noticed a bullfrog
  2324 | D:3      | Reached XP level 5. HP: 48/50 MP: 4/4
  2453 | D:3      | Reached skill level 5 in Unarmed Combat
  2649 | D:3      | Found a runed translucent door.
  2673 | D:3      | Reached XP level 6. HP: 30/59 MP: 5/5
  2713 | D:3      | Killed spaghetti's ghost
  2714 | D:3      | Reached skill level 6 in Unarmed Combat
  2715 | D:3      | Reached **** piety under Trog
  2805 | D:3      | Found a glowing silver altar of Zin.
  3002 | D:4      | Noticed Pikel
  3056 | D:4      | Reached skill level 1 in Stealth
  3214 | D:4      | You fall into a shaft and drop 3 floors!
  3240 | D:7      | Reached XP level 7. HP: 59/66 MP: 6/6
  3291 | D:6      | Noticed Menkaure
  3295 | D:6      | Killed Menkaure
  3296 | D:6      | Reached skill level 7 in Unarmed Combat
  3365 | D:6      | Identified the +1 leather armour of the Barracuda {rF+
                  | Str-2 Stlth+}
  3379 | D:6      | Found a sand-covered staircase.
  3385 | Ossuary  | Entered an ossuary
  3675 | Ossuary  | Reached XP level 8. HP: 74/74 MP: 7/7
  3723 | Ossuary  | Reached skill level 8 in Unarmed Combat
  4090 | D:6      | Reached ***** piety under Trog
  4096 | D:6      | Reached skill level 5 in Dodging
  4182 | D:6      | Found Munyttops's Lightly-Used Armoury.
  4394 | D:6      | Reached skill level 9 in Unarmed Combat
  4658 | D:5      | Entered Level 5 of the Dungeon
  5196 | D:5      | Reached skill level 10 in Unarmed Combat
  5541 | D:4      | Reached XP level 9. HP: 60/80 MP: 8/8
  5657 | D:4      | Killed Pikel
  5879 | D:4      | Noticed Grinder
  5881 | D:4      | Paralysed by Grinder for 5 turns
  5888 | D:4      | Paralysed by Grinder for 4 turns
  5894 | D:4      | Killed Grinder
  5895 | D:4      | Reached skill level 11 in Unarmed Combat
  6486 | D:7      | Found a staircase to the Ecumenical Temple.
  6527 | D:7      | Received a gift from Trog
  6626 | D:7      | Found Diuj Qucar's Magic Scroll Shoppe.
  6639 | D:7      | Bought a scroll of identify for 28 gold pieces
  6639 | D:7      | Bought a scroll of identify for 28 gold pieces
  6639 | D:7      | Bought a scroll of teleportation for 42 gold pieces
  7051 | D:8      | Reached skill level 12 in Unarmed Combat
  7125 | D:8      | Noticed a two-headed ogre
  7247 | D:8      | HP: 2/80 [orc priest/divine providence (17)]
  7248 | D:8      | Mangled by a two-headed ogre

Illustrated notes

Levels and vault maps discovered:
D:1:      spicycebolla_arrival_xxxplode, layout_loops_ring, serial_shops, shop,
          nicolae_shop_hallway_plus
D:2:      layout_loops_corners, nicolae_ecumenical_oubliette, st_stairs_5,
          wad_woods_river_04, grunt_ministairs_8, minmay_joined_circles
D:3:      layout_rooms, zin_treasury, ebering_ghost_sewer_f, minmay_ruptured
D:4:      layout_loops_cross, uniq_grinder, uniq_pikel
D:5:      layout_loops_ring, grunt_decor_mini_mirrors
D:6:      layout_loops_ring, nicolae_ossuary_entry_plus, corexii_checkpoint_a,
          minmay_shop_damaged, uniq_menkaure
D:7:      layout_basic, minmay_temple_entry_wispy, serial_shops, shop_statue
D:8:      hellmonk_warped_wall, layout_loops_ring

Skill      XL: |  1  2  3  4  5  6  7  8  9 |
---------------+----------------------------+-----
Dodging        | 3 4 5 |  5.9
Unarmed Combat | 4 5 6 7 10 12 | 12.0
Stealth        | 1 2 |  2.7
Fighting       | |  2.4
Short Blades   | |  0.3

Action                   |  1- 3 |  4- 6 |  7- 9 || total
-------------------------+-------+-------+-------++-------
Melee: Unarmed           |   120 |   184 |   329 ||   633
       Punch             |       |     2 |    14 ||    16
       Quick blade       |       |       |    14 ||    14
  Use: Scroll            |       |     2 |     9 ||    11
 Stab: Sleeping          |     1 |     1 |     5 ||     7
       Distracted        |       |     1 |       ||     1
Armor: Animal skin       |    33 |    49 |    53 ||   135
Dodge: Dodged            |    59 |    99 |   139 ||   297

Table legend: (Time is in decaauts)
 A = Elapsed time spent in this place.
 B = Non-inter-level travel time spent in this place.
 C = Inter-level travel time spent in this place.
 D = Time resting spent in this place.
 E = Time spent auto-exploring this place.
 F = Levels seen in this place.
 G = Mean time per level.
                   A        B        C        D        E       F      G
               +--------+--------+--------+--------+--------+-----+--------+
         Total |   7183 |   7183 |      0 |    478 |   3847 |   9 |  798.1 |
       Dungeon |   6636 |   6636 |      0 |    444 |   3702 |   8 |  829.5 |
       Ossuary |    547 |    547 |      0 |     34 |    145 |   1 |  547.0 |
               +--------+--------+--------+--------+--------+-----+--------+

Top non-repeatable levels by time:
     D:2: 1323 daAuts
     D:4: 997 daAuts
     D:3: 883 daAuts
     D:1: 840 daAuts
     D:6: 817 daAuts
     D:5: 800 daAuts
     D:7: 750 daAuts
 Ossuary: 547 daAuts
     D:8: 222 daAuts
